 Dungeon Crawl Stone Soup version 0.29-a0-322-g68df515428 (webtiles) character file.

Game seed: 130646337517613947

63 BritishOli the Skirmisher (level 3, -3/29 HPs)
             Began as a Demonspawn Monk on Apr 9, 2022.
             Slain by an ice beast (6 damage)
             ... on level 3 of the Dungeon.
             The game lasted 00:01:52 (2215 turns).

BritishOli the Skirmisher (Demonspawn Monk)         Turns: 2215, Time: 00:01:52

Health: -3/29      AC:  6    Str: 13    XL:     3   Next: 87%
Magic:  3/3        EV: 10    Int: 11    God:
Gold:   35         SH:  0    Dex: 15    Spells: 2/2 levels left

rFire   . . .      SeeInvis .   a - +0 falchion
rCold   . . .      Faith    .   (no shield)
rNeg    . . .      Spirit   .   e - +0 scale mail
rPois   .          Reflect  .   (no helmet)
rElec   .          Harm     .   (no cloak)
rCorr   .          Rampage  .   (no gloves)
Will    .....                   (no boots)
Stlth   +.........              (no amulet)
HPRegen 0.09/turn               (no ring)
MPRegen 0.08/turn               (no ring)

@: no status effects
A: hooves 1
a: no special abilities


You were on level 3 of the Dungeon.
You visited 1 branch of the dungeon, and saw 3 of its levels.

You collected 35 gold pieces.

Inventory:

Hand Weapons
 a - a +0 falchion (weapon)
Armour
 e - a +0 scale mail (worn)
Scrolls
 b - 5 scrolls of identify {unknown}
 g - a scroll of holy word {unknown}
 h - a scroll of fog {unknown}
 j - a scroll of noise {unknown}
 m - a scroll of teleportation {unknown}
 n - 2 scrolls of blinking {unknown}
Potions
 c - a potion of ambrosia
 d - 2 potions of flight {unknown}
 f - 2 potions of magic {unknown}
 i - a potion of berserk rage {unknown}
 k - a potion of curing {unknown}
 l - a potion of attraction {unknown}
 o - a potion of invisibility {unknown}
 p - a potion of haste {unknown}


   Skills:
 + Level 3.6 Fighting
 + Level 3.2 Long Blades
 + Level 1.1 Armour
 + Level 3.1 Dodging
 - Level 2.0 Stealth


You had 2 spell levels left.
You didn't know any spells.
Your spell library contained the following spells:

 Spells                   Type           Power      Damage    Failure   Level
 Shock                    Conj/Air       0%         1d3       86%         1
 Blink                    Tloc           0%         N/A       95%         2
 Lesser Beckoning         Tloc           0%         N/A       99%         3
 Swiftness                Air            0%         N/A       99%         3
 Airstrike                Air            0%         N/A       100%        4
 Manifold Assault         Tloc           0%         N/A       100%        5


Dungeon Overview and Level Annotations

Branches:
Dungeon (3/15)

Altars:

Shops:
D:1 ?


Innate Abilities, Weirdness & Mutations

You have large cloven feet.


Message History

The hobgoblin hits you but does no damage.
You completely miss the hobgoblin.
The hobgoblin hits you but does no damage.
You barely miss the hobgoblin. The hobgoblin hits you.
You hit the hobgoblin. You kick the hobgoblin.
The hobgoblin is heavily wounded.
The hobgoblin barely misses you.
You hit the hobgoblin.
You kill the hobgoblin!
No target in view!
No target in view!
HP restored.
You see here a hobgoblin corpse.
An endoplasm comes into view.
The endoplasm quivers.
The endoplasm freezes you.
You are frozen.
An endoplasm is nearby!
You hit the endoplasm.
The endoplasm is almost dead.
The endoplasm barely misses you.
You hit the endoplasm.
You kill the endoplasm!
No target in view!
No target in view!
An ice beast comes into view.
An ice beast is nearby!
The ice beast hits you. The ice beast freezes you!
You hit the ice beast.
You kick the ice beast, but do no damage.
The ice beast is lightly wounded.
The ice beast hits you. The ice beast freezes you!
* * * LOW HITPOINT WARNING * * *
The ice beast attacks as you move away!
The ice beast hits you but does no damage.
The ice beast attacks as you move away! The ice beast barely misses you.
The ice beast attacks as you move away! The ice beast hits you.
* * * LOW HITPOINT WARNING * * *
The ice beast freezes you.
You die...

..... #.#. ...
#.# #.#####.#
#...<...######..
#.#####.†......#
######.######..
.........@.#
#######.##Y#
#.##.# #.##.#
#.##.#########
#.##..........
#.###.........
#. #.########
#.#


You could see an ice beast.

Vanquished Creatures
  2 adders (D:2)
  4 ball pythons (D:1)
  7 endoplasms
  3 giant cockroaches
  5 goblins
  4 hobgoblins
  2 kobolds
  3 quokkas (D:2)
  3 bats
  3 frilled lizards (D:1)
  3 rats (D:2)
39 creatures vanquished.

Notes
Turn   | Place    | Note
-------+----------+-------------------------------------------
     0 | D:1      | BritishOli the Demonspawn Monk began the quest for the Orb.
     0 | D:1      | Reached XP level 1. HP: 18/18 MP: 1/1
   301 | D:1      | Gained mutation: You have large cloven feet. [demonic
                  | ancestry]
   301 | D:1      | Reached XP level 2. HP: 21/24 MP: 2/2
   356 | D:1      | Found Totok's Magic Scroll Boutique.
  1085 | D:2      | Reached XP level 3. HP: 23/29 MP: 3/3
  1147 | D:2      | Found a faded altar of an unknown god.
  1590 | D:2      | Reached skill level 1 in Armour
  2205 | D:3      | Noticed an ice beast
  2215 | D:3      | Slain by an ice beast

Illustrated notes

Levels and vault maps discovered:
D:1:      matt_arrival_diagonals, layout_loops_cross, serial_shops,
          nicolae_shop_temple_entry_statues_fountains
D:2:      layout_basic, hellmonk_ecumenical_altar_lost_god
D:3:      layout_loops_ring, st_stairs_6, minmay_misc_feat_rows

Skill      XL: |  1  2  3 |
---------------+----------+-----
Stealth        | 2 |  2.0
Long Blades    | 3 |  3.2
Dodging        | 3 |  3.1
Armour         | 1 |  1.1
Fighting       | |  3.6

Action                   || total
-------------------------++-------
Melee: Falchion          ||    99
       Kick              ||    19
       Punch             ||     1
 Stab: Sleeping          ||     2
Armor: Robe              ||     2
       Scale mail        ||    42
Dodge: Dodged            ||    43

Table legend: (Time is in decaauts)
 A = Elapsed time spent in this place.
 B = Non-inter-level travel time spent in this place.
 C = Inter-level travel time spent in this place.
 D = Time resting spent in this place.
 E = Time spent auto-exploring this place.
 F = Levels seen in this place.
 G = Mean time per level.
                   A        B        C        D        E       F      G
               +--------+--------+--------+--------+--------+-----+--------+
         Total |   2229 |   2197 |     32 |      0 |   1914 |   3 |  743.0 |
       Dungeon |   2229 |   2197 |     32 |      0 |   1914 |   3 |  743.0 |
               +--------+--------+--------+--------+--------+-----+--------+

Top non-repeatable levels by time:
     D:2: 1228 daAuts
     D:1: 924 daAuts
     D:3: 76 daAuts
